 Dungeon Crawl Stone Soup version 0.29.1-4-g47bece8355 (webtiles) character file.

Game seed: 5458650082648064482

11652 RKaid the Zephyrmancer (level 11, -12/77 HPs)
             Began as an Octopode Air Elementalist on Dec 3, 2022.
             Was a Follower of Sif Muna.
             Mangled by a death yak (29 damage)
             ... on level 11 of the Dungeon.
             The game lasted 00:41:51 (16175 turns).

RKaid the Zephyrmancer (Octopode Air Elementalist) Turns: 16175, Time: 00:41:51

Health: -12/77     AC:  1    Str: 14    XL:     11   Next: 81%
Magic:  16/22      EV: 12    Int: 22    God:    Sif Muna [*.....]
Gold:   305        SH:  8    Dex: 12    Spells: 16/25 levels left

rFire   . . .      SeeInvis .   a - staff of air {rElec}
rCold   . . .      Faith    .   G - +0 kite shield
rNeg    + . .      Spirit   .   z - +0 hat {Will+}
rPois   .          Reflect  .   (no amulet)
rElec   +          Harm     .   j - +6 ring of strength
rCorr   .          Rampage  .   D - ring of positive energy {rN+}
Will    +....                   (no ring)
Stlth   +++++.....              (no ring)
HPRegen 0.22/turn               (no ring)
MPRegen 0.18/turn               (no ring)
                                (no ring)
                                (no ring)

@: no status effects
A: almost no armour, amphibious, 8 rings, camouflage 1, gelatinous body 1,
(nimble swimmer 1), tentacles
a: Renounce Religion, Channel Magic


You were on level 11 of the Dungeon.
You worshipped Sif Muna.
Sif Muna was aware of your devotion.
You visited 2 branches of the dungeon, and saw 12 of its levels.

You collected 512 gold pieces.
You spent 207 gold pieces at shops.

Inventory:

Hand Weapons
 b - the +7 dagger of Abuse {venom, rN+}
   (You found it on level 8 of the Dungeon)

   It poisons the flesh of those it strikes.
   rN:        It protects you from negative energy.
 v - a +2 whip of holy wrath
   (You took it off a gnoll on level 4 of the Dungeon)
Missiles
 g - 7 poisoned darts (quivered)
Armour
 z - a +0 hat of willpower (worn)
   (You took it off Gastronok on level 8 of the Dungeon)
 G - a +0 kite shield (worn)
   (You took it off a gnoll sergeant on level 9 of the Dungeon)
Magical Staves
 a - a staff of air (weapon) {rElec}
   (You acquired it on level 8 of the Dungeon)
Jewellery
 j - a +6 ring of strength (left tentacle)
   (You found it on level 2 of the Dungeon)
 D - a ring of positive energy (right tentacle) {rN+}
   (You took it off an orc on level 9 of the Dungeon)
Wands
 o - a wand of roots (8)
   (You found it on level 8 of the Dungeon)
 A - a wand of acid (6)
   (You found it on level 5 of the Dungeon)
Scrolls
 k - a scroll of fear
 l - a scroll of blinking {!r}
 p - 2 scrolls of enchant weapon
 s - 2 scrolls of amnesia
 t - 2 scrolls of teleportation
 w - 2 scrolls of poison {!r}
 B - a scroll of summoning
 C - a scroll of magic mapping {!r}
 E - a scroll of vulnerability {unknown}
 F - a scroll of enchant armour {unknown}
Potions
 c - 4 potions of curing
 d - 7 potions of lignification {!q}
 e - 3 potions of flight {unknown}
 f - a potion of magic
 h - 3 potions of heal wounds
 i - a potion of might {unknown}
 m - 2 potions of degeneration {unknown}
 n - 2 potions of haste {unknown}
 q - 4 potions of brilliance {unknown}
 r - 4 potions of cancellation {unknown}
 u - 4 potions of invisibility
 x - 2 potions of berserk rage {unknown}
 y - 2 potions of mutation {unknown}


   Skills:
 + Level 8.2 Fighting
 + Level 4.7 Dodging
 - Level 10.4 Stealth
 + Level 4.1 Shields
 + Level 7.9 Spellcasting
 - Level 4.2 Conjurations
 - Level 10.5 Air Magic


You had 16 spell levels left.
You knew the following spells:

 Your Spells              Type           Power      Damage    Failure   Level
a - Shock                 Conj/Air       100%       1d9       1%          1
b - Airstrike             Air            35%        2d(5-21)  3%          4
c - Poisonous Vapours     Pois/Air       94%        N/A       3%          2
A - Passwall              Tmut/Erth      6%         N/A       34%         2

Your spell library contained the following spells:

 Spells                   Type           Power      Damage    Failure   Level
 Static Discharge         Conj/Air       58%        3-11/arc  1%          2
 Swiftness                Air            70%        N/A       1%          3
 Magic Dart               Conj           100%       1d8       3%          1
 Searing Ray              Conj           54%        2d6       6%          2
 Sting                    Tmut/Pois      32%        1d4       22%         1
 Conjure Flame            Conj/Fire      18%        6-21      28%         3
 Ensorcelled Hibernation  Hex/Ice        16%        N/A       34%         2
 Scorch                   Fire           16%        2d6       34%         2
 Corpse Rot               Necr/Pois/Air  36%        N/A       47%         4
 Confusing Touch          Hex            8%         N/A       56%         3
 Frozen Ramparts          Ice            16%        1d3       56%         3
 Gell's Gravitas          Tloc           8%         N/A       56%         3
 Ignite Poison            Fire/Tmut/Pois 8%         N/A       56%         3
 Teleport Other           Tloc           8%         N/A       56%         3
 Flame Wave               Conj/Fire      18%        2d7       67%         4
 Fulminant Prism          Conj/Hex       9%         3d7       67%         4
 Hailstorm                Conj/Ice       18%        3d6       67%         4
 Sticky Flame             Conj/Fire      18%        2d4       67%         4
 Dispel Undead            Necr           8%         3d8       92%         4
 Ice Form                 Ice/Tmut       8%         N/A       92%         4
 Leda's Liquefaction      Hex/Erth       4%         N/A       92%         4
 Olgreb's Toxic Radiance  Pois           8%         N/A       92%         4
 Summon Ice Beast         Ice/Summ       8%         N/A       92%         4
 Lee's Rapid Deconstruct  Erth           4%         3d6*      99%         5
 Yara's Violent Unravell  Hex/Tmut       4%         3d4       99%         5
 Death Channel            Necr           4%         N/A       100%        6
 Dispersal                Tloc           4%         N/A       100%        6
 Simulacrum               Ice/Necr       4%         N/A       100%        6
 Statue Form              Tmut/Erth      5%         N/A       100%        6
 Summon Cactus Giant      Summ           4%         N/A       100%        6
 Enfeeble                 Hex            4%         N/A       100%        7


Dungeon Overview and Level Annotations

Branches:
Dungeon (11/15)            Temple (1/1) D:5            Lair (0/5) D:11
    Orc (0/2) D:9

Altars:
Ashenzari
Cheibriados
Dithmenos
Elyvilon
Fedhas
Gozag
Hepliaklqana
Kikubaaqudgha
Makhleb
Nemelex Xobeh
Okawaru
Qazlal
Ru
Sif Muna
Trog
Uskayaw
Vehumet
Wu Jian
Xom
Yredelemnul
Zin
The Shining One

Shops:
D:2 (   D:9 *

Annotations:
D:3 2 transporters, kwasso's ghost, amateur DsHu
D:6 2 transporters, Sikaos's ghost, novice HuCj


Innate Abilities, Weirdness & Mutations

You cannot wear most types of armour.
You are amphibious.
You can wear up to eight rings at the same time.
Your skin changes colour to match your surroundings (Stealth+).
Your rubbery body absorbs attacks. (AC +1, EV +1)
((You are camouflaged when in or above water. (Stealth+)))
You have tentacles for arms and can constrict up to eight enemies at once.


Message History

You kill the death yak!
Sif Muna accepts your kill.
Your Shields skill increases to level 4!
The +7 dagger of Abuse {venom, rN+} stops dripping with poison.
a - a staff of air (weapon)
{rElec} You start resting.
You see here a +0 war axe.
You open the door.
There is an open door here.
Found a stone staircase leading down.
A centaur comes into view.
The centaur wields a +0 shortbow.
The centaur shoots an arrow.
The arrow hits you!
The centaur shoots an arrow.
The arrow closely misses you.
Casting: Airstrike (dangerous; 3% risk of failure)
Confirm with . or Enter, or press ? or * to list all spells.
Aiming: Airstrike (dangerous; 3% risk of failure)
Press: ? - help, Dir - move target, f - centaur
Aim: a centaur, wielding a +0 shortbow (empty space bonus: 8/8)
You feel a surge of power!
The air twists around and strikes the centaur!
The centaur shoots an arrow.
The arrow hits you!
The centaur shoots an arrow.
The arrow hits you!
Casting: Airstrike (dangerous; 3% risk of failure)
Confirm with . or Enter, or press ? or * to list all spells.
Aiming: Airstrike (dangerous; 3% risk of failure)
Press: ? - help, Dir - move target, f/p - centaur
Aim: a centaur, wielding a +0 shortbow (severely wounded, empty space bonus: 8/8)
You feel a surge of power!
The air twists around and strikes the centaur!
You kill the centaur!
Sif Muna accepts your kill.
You start resting.
There is an open door here.
There is an open door here.
There is an open door here.
There is an open door here.
A death yak comes into view.
The death yak bellows!
There is an open door here.
The death yak bellows!
There is an open door here.
There is an open door here.
You see here a death yak skeleton.
There is a stone staircase leading up here.
Aiming: Fastroot
Press: ? - help, Shift-Dir - straight line The roots erupt in riotous growth!
Roots grab the death yak. x2
The grasping roots constrict the death yak. x2
The death yak struggles to escape constriction. x2
Casting: Airstrike (dangerous; 3% risk of failure)
Confirm with . or Enter, or press ? or * to list all spells.
Aiming: Poisonous Vapours (safe; 3% risk of failure)
Press: ? - help, Dir - move target, f - death yak
Aim: a death yak (lightly wounded, constricted by roots)
You feel a surge of power!
Poisonous vapours surround the death yak!
The death yak looks as sick as possible!
The grasping roots constrict the death yak. x2
The roots release their grip on the death yak. x2
Casting: Poisonous Vapours (safe; 3% risk of failure)
Confirm with . or Enter, or press ? or * to list all spells.
Aiming: Poisonous Vapours (safe; 3% risk of failure)
Press: ? - help, Dir - move target, f - death yak, p - death yak
Aim: a death yak (lightly wounded)
You feel a surge of power!
Poisonous vapours surround the death yak!
The death yak is poisoned.
Casting: Poisonous Vapours (safe; 3% risk of failure)
Confirm with . or Enter, or press ? or * to list all spells.
Aiming: Shock (safe; 1% risk of failure)
Press: ? - help, Shift-Dir - straight line, f/p - death yak
Aim: a death yak (lightly wounded, very poisoned, 91% to hit)
You feel a surge of power!
The zap hits the death yak!
The zap hits the death yak but does no damage.
The zap misses the death yak.
You block the death yak's attack.
Casting: Shock (safe; 1% risk of failure)
Confirm with . or Enter, or press ? or * to list all spells.
Aiming: Shock (safe; 1% risk of failure)
Press: ? - help, Shift-Dir - straight line, f/p - death yak
Aim: a death yak (lightly wounded, very poisoned, 91% to hit)
You feel a surge of power!
The zap hits the death yak but does no damage. x2
The death yak gores you.
Casting: Shock (safe; 1% risk of failure)
Confirm with . or Enter, or press ? or * to list all spells.
Aiming: Shock (safe; 1% risk of failure)
Press: ? - help, Shift-Dir - straight line, f/p - death yak
Aim: a death yak (lightly wounded, very poisoned, 91% to hit)
You feel a surge of power!
The zap hits the death yak.
The death yak gores you. x2
You see here a +0 war axe.
The death yak gores you!! The death yak attacks as you move away!
The death yak gores you!!
* * * LOW HITPOINT WARNING * * *
As you read the scroll of fear, it crumbles to dust.
You assume a fearsome visage.
The death yak resists with almost no effort. x2
The death yak gores you!!
You die...

.# ####.##### .####
#.# ....# #.###
###'### #...###
......# ###...#
)...Y.# ######'####
......# #.........#
......# #.........#
......### #.....@...#
......'.###....YY...#
......#...'.........#
......#####.....)...#
......# #...รท<....#
......# ###########
#######


You could see 2 death yaks.

Vanquished Creatures
  Gastronok (D:8)
  3 two-headed ogres
  A death yak (D:11)
  A manticore (D:11)
  2 shadows (D:9)
  2 wraiths
  26 yaks
  3 steam dragons
  An acid dragon (D:9)
  3 water moccasins
  3 orc warriors
  An ice beast (D:5)
  2 black bears
  A centaur (D:11)
  An ogre (D:5)
  A phantom (D:5)
  A kobold brigand (D:9)
  7 bullfrogs
  3 gnoll sergeants
  A scorpion (D:5)
  Blork the orc (D:6)
  2 necrophages (D:4)
  A water moccasin zombie (D:3)
  3 killer bees (D:10)
  6 howler monkeys
  2 hounds
  2 orc priests (D:8)
  2 iguanas (D:5)
  4 orc wizards (D:4)
  A hell rat (D:11)
  28 gnolls
  2 river rats (D:11)
  5 adders
  3 white imps
  3 ufetubi
  An adder zombie (D:3)
  A worm (D:3)
  A dart slug (D:1)
  23 orcs
  3 ball pythons
  6 endoplasms
  4 giant cockroaches (D:1)
  7 goblins
  6 hobgoblins
  4 jackals (D:3)
  4 kobolds
  3 quokkas
  3 bats
  3 frilled lizards
  A quokka zombie (D:3)
  9 rats
208 creatures vanquished.

Notes
Turn   | Place    | Note
-------+----------+-------------------------------------------
     0 | D:1      | RKaid the Octopode Air Elementalist began the quest for the
                  | Orb.
     0 | D:1      | Reached XP level 1. HP: 11/11 MP: 3/3
   344 | D:1      | Reached XP level 2. HP: 17/17 MP: 3/5
   562 | D:1      | Reached skill level 3 in Stealth
   847 | D:1      | Reached XP level 3. HP: 22/22 MP: 3/6
  1576 | D:2      | Found Hoklait's Weapon Boutique.
  1918 | D:2      | Found a faded altar of an unknown god.
  2214 | D:2      | Reached skill level 1 in Fighting
  2214 | D:2      | Reached XP level 4. HP: 25/28 MP: 4/7
  2404 | D:3      | Found a transporter.
  2408 | D:3      | Found a transporter.
  2408 | D:3      | Noticed kwasso's ghost (amateur DsHu)
  2411 | D:3      | Noticed an ogre
  2412 | D:3      | Identified the +0 great mace of a Hundred Moons {venom, rC+
                  | rN+ Int+3}
  2412 | D:3      | Noticed an ogre
  2666 | D:3      | Reached skill level 4 in Air Magic
  2752 | D:3      | Found a basalt altar of Yredelemnul.
  2765 | D:3      | Reached skill level 2 in Conjurations
  2765 | D:3      | Reached XP level 5. HP: 31/33 MP: 1/9
  2775 | D:3      | Reached skill level 4 in Stealth
  4090 | D:4      | Reached skill level 2 in Fighting
  4090 | D:4      | Reached XP level 6. HP: 21/39 MP: 4/10
  4326 | D:4      | Reached skill level 3 in Spellcasting
  4655 | D:4      | Reached skill level 5 in Air Magic
  4826 | D:4      | Reached XP level 7. HP: 45/45 MP: 7/11
  4867 | D:4      | You fall into a shaft and drop 2 floors!
  4903 | D:5      | Entered Level 5 of the Dungeon
  4915 | D:5      | Reached skill level 5 in Stealth
  4915 | D:5      | Reached skill level 3 in Conjurations
  5147 | D:4      | Learned a level 4 spell: Airstrike
  5150 | D:4      | Learned a level 2 spell: Passwall
  6122 | D:5      | Reached skill level 3 in Fighting
  6231 | D:5      | Reached XP level 8. HP: 52/52 MP: 6/13
  6351 | D:5      | Reached skill level 6 in Air Magic
  6437 | D:5      | Found a staircase to the Ecumenical Temple.
  6501 | D:5      | Reached skill level 4 in Spellcasting
  6503 | D:5      | Reached skill level 6 in Stealth
  6538 | Temple   | Entered the Ecumenical Temple
  7013 | D:6      | Found a blossoming altar of Fedhas.
  7026 | D:6      | Reached skill level 4 in Conjurations
  7266 | D:6      | Noticed Blork the orc
  7270 | D:6      | Killed Blork the orc
  7430 | D:6      | Found a broken altar of Ashenzari.
  7497 | D:6      | Found a bloodstained altar of Trog.
  7498 | D:6      | Found a burning altar of Makhleb.
  7533 | D:6      | Found an iron altar of Okawaru.
  7848 | D:6      | Found a transporter.
  7853 | D:6      | Found a transporter.
  7853 | D:6      | Noticed Sikaos's ghost (novice HuCj)
  8433 | D:7      | Noticed a two-headed ogre
  8439 | D:7      | Killed a two-headed ogre
  8440 | D:7      | Reached skill level 4 in Fighting
  8440 | D:7      | Reached skill level 7 in Stealth
  8440 | D:7      | Reached skill level 7 in Air Magic
  8440 | D:7      | Reached XP level 9. HP: 53/59 MP: 0/16
  8520 | D:7      | Reached skill level 5 in Spellcasting
  8708 | D:7      | Found an ornate altar of the Wu Jian Council.
  8873 | D:7      | Reached skill level 8 in Air Magic
  9455 | D:8      | Identified a scroll of acquirement
  9455 | D:8      | Acquired a staff of air
  9485 | D:8      | Identified the +7 dagger of Abuse {venom, rN+}
  9536 | D:8      | Reached skill level 5 in Fighting
  9536 | D:8      | Reached skill level 8 in Stealth
  9554 | D:8      | Noticed Gastronok
 10747 | D:8      | Killed Gastronok
 10748 | D:8      | Reached skill level 6 in Fighting
 10748 | D:8      | Reached skill level 9 in Stealth
 10748 | D:8      | Reached skill level 6 in Spellcasting
 10748 | D:8      | Reached skill level 9 in Air Magic
 10748 | D:8      | Reached XP level 10. HP: 68/68 MP: 2/19
 11005 | Temple   | Became a worshipper of Sif Muna the Loreminder
 11457 | D:9      | Found a staircase to the Orcish Mines.
 11793 | D:9      | Found Sigic's Assorted Antiques.
 11800 | D:9      | Bought a scroll labelled QYNESO EBROUJI for 30 gold pieces
 11800 | D:9      | Bought a scroll of identify for 60 gold pieces
 11800 | D:9      | Bought a scroll labelled SIALAE YFUMIAN for 30 gold pieces
 11800 | D:9      | Bought a white potion for 27 gold pieces
 11800 | D:9      | Bought a scroll of identify for 60 gold pieces
 11819 | D:9      | Noticed a two-headed ogre
 12408 | D:9      | Killed a two-headed ogre
 12409 | D:9      | Reached skill level 10 in Stealth
 12409 | D:9      | Reached skill level 10 in Air Magic
 12583 | D:9      | HP: 16/69 [yak (10)]
 12585 | D:8      | HP: 3/69 [yak (14)]
 13068 | D:9      | HP: 17/69 [shadow (11)]
 13069 | D:9      | HP: 8/69 [shadow (9)]
 13455 | D:10     | Entered Level 10 of the Dungeon
 13506 | D:10     | Noticed a two-headed ogre
 13520 | D:10     | Reached * piety under Sif Muna
 13521 | D:10     | Reached XP level 11. HP: 74/74 MP: 12/21
 13593 | D:10     | Reached skill level 7 in Fighting
 13680 | D:10     | Reached skill level 1 in Shields
 13699 | D:9      | HP: 18/75 [yak (10)]
 13705 | D:9      | HP: 2/75 [yak (12)]
 13711 | D:9      | Reached skill level 7 in Spellcasting
 14245 | D:9      | Reached skill level 3 in Dodging
 14245 | D:9      | Reached skill level 2 in Shields
 14489 | D:10     | Learned a level 2 spell: Poisonous Vapours
 14796 | D:10     | Found an opulent altar of Gozag.
 14905 | D:10     | Reached skill level 3 in Shields
 15106 | D:10     | Reached skill level 4 in Dodging
 15604 | D:11     | Noticed a manticore
 15608 | D:11     | Killed a manticore
 15707 | D:11     | Noticed a two-headed ogre
 15709 | D:11     | Killed a two-headed ogre
 15710 | D:11     | Reached skill level 8 in Fighting
 15835 | D:11     | Noticed a death yak
 15836 | D:11     | Found a staircase to the Lair.
 15839 | D:11     | Noticed a death yak
 15874 | D:11     | Killed a death yak
 15875 | D:11     | Reached skill level 4 in Shields
 16145 | D:11     | Noticed a death yak
 16174 | D:11     | HP: 17/77 [death yak (24)]
 16175 | D:11     | Mangled by a death yak

Illustrated notes

Levels and vault maps discovered:
D:1:      dpeg_arrival_signposts, layout_basic, nrook_loot_triangle,
          minmay_pentomino_w4
D:2:      layout_basic, serial_shops, nicolae_shop_crystal,
          dreamdust_ecumenical_altar_hidden_monk_grotto
D:3:      minmay_inner_zag, layout_basic, nicolae_yredelemnul_corpse_copse,
          gammafunk_ghost_smash, serial_park_tiny_1, minmay_misc_feat_rows
D:4:      layout_layer_cave
D:5:      layout_rooms, minmay_temple_entry_glass
D:6:      layout_rooms, mainiacjoe_overflow_boulevard, general_overflow_altar,
          fedhas_altar_1, minitemple, gammafunk_ghost_hive, uniq_blork_the_orc
D:7:      layout_basic, kennysheep_mini_moat
D:8:      layout_cave_pools, uniq_gastronok
D:9:      layout_rooms, orc_david_3, serial_shops, shop, grunt_decor_cap,
          kennysheep_opposing_triangles
D:10:     layout_basic, old_standard_altar, nicolae_fountain_basement
D:11:     layout_roguey [special_room_orc], dpeg_lair_monsters,
          chequers_serial_rivers_large_b, hangedman_abyss_or_decor_passed,
          chequers_serial_rivers_room_b, minmay_unpleasant_kobolds
Temple:   nicolae_temple_great_sept

Skill      XL: |  1  2  3  4  5  6  7  8  9 10 11 |
---------------+----------------------------------+-----
Stealth        | 3 4 5 7 9 10 | 10.4
Fighting       | 1 2 3 4 6 8 |  8.2
Air Magic      | 4 5 7 9 10 | 10.5
Conjurations   | 2 3 4 |  4.2
Spellcasting   | 3 4 6 7 |  7.9
Shields        | 4 |  4.1
Dodging        | 4 |  4.7

Action                   |  1- 3 |  4- 6 |  7- 9 | 10-12 || total
-------------------------+-------+-------+-------+-------++-------
Melee: Dagger            |     8 |    26 |    17 |    16 ||    67
       Constrict         |     3 |     8 |     7 |     3 ||    21
       Tentacles         |     2 |    11 |     5 |    10 ||    28
       Punch             |       |       |     1 |       ||     1
       Staff             |       |       |     5 |    10 ||    15
Throw: Dart              |       |       |     1 |       ||     1
 Cast: Shock             |    66 |    90 |   242 |   125 ||   523
       Airstrike         |       |       |    21 |    78 ||    99
       Poisonous Vapours |       |       |       |     4 ||     4
Evoke: Wand              |       |       |     7 |     1 ||     8
  Use: Scroll            |       |     5 |     8 |     5 ||    18
       Potion            |       |       |     1 |     2 ||     3
 Stab: Sleeping          |       |     3 |       |       ||     3
Armor: Skin              |       |     3 |     3 |     1 ||     7
Dodge: Dodged            |    10 |    14 |    40 |    48 ||   112
Block: Kite shield       |       |       |       |    32 ||    32

Table legend: (Time is in decaauts)
 A = Elapsed time spent in this place.
 B = Non-inter-level travel time spent in this place.
 C = Inter-level travel time spent in this place.
 D = Time resting spent in this place.
 E = Time spent auto-exploring this place.
 F = Levels seen in this place.
 G = Mean time per level.
                   A        B        C        D        E       F      G
               +--------+--------+--------+--------+--------+-----+--------+
         Total |  16185 |  15422 |    763 |   6827 |   6033 |  12 | 1348.8 |
       Dungeon |  15999 |  15238 |    761 |   6790 |   5972 |  11 | 1454.5 |
        Temple |    186 |    185 |      1 |     37 |     61 |   1 |  186.0 |
               +--------+--------+--------+--------+--------+-----+--------+

Top non-repeatable levels by time:
     D:9: 2387 daAuts
     D:7: 1901 daAuts
     D:8: 1817 daAuts
     D:4: 1711 daAuts
     D:3: 1710 daAuts
     D:1: 1486 daAuts
    D:10: 1441 daAuts
     D:5: 1056 daAuts
     D:6: 1002 daAuts
     D:2: 906 daAuts
    D:11: 580 daAuts
  Temple: 186 daAuts

Table legend:
 A = Kills in this place as a percentage of kills in entire the game.
 B = Kills by you in this place as a percentage of kills by you in the entire game.
 C = Kills by friends in this place as a percentage of kills by friends in the entire game.
 D = Other kills in this place as a percentage of other kills in the entire game.
 E = Experience gained in this place as a percentage of experience gained in the entire game.
 F = Experience gained in this place divided by the number of levels of this place that you have seen.
                   A       B       C       D       E      F
               +-------+-------+-------+-------+-------+----------------------
         Total | 100.0 | 100.0 |   N/A |   N/A | 100.0 | 1387.2
       Dungeon | 100.0 | 100.0 |   N/A |   N/A | 100.0 | 1513.4
               +-------+-------+-------+-------+-------+----------------------
